 Dungeon Crawl Stone Soup version 0.31-a0-216-g22e908daa7 (webtiles) character file.

Game seed: 13087124900125477847

196 qw the Shooter (level 5, -2/45 HPs)
             Began as a Minotaur Hexslinger on July 1, 2023.
             Succumbed to an orc's poison
             ... on level 3 of the Dungeon.
             The game lasted 00:00:46 (1521 turns).

qw the Shooter (Minotaur Hexslinger)                Turns: 1521, Time: 00:00:47

Health: -2/45      AC:  5    Str: 12 (13) XL:     5   Next: 45%
Magic:  5/5        EV: 10    Int:  8 (10) God:
Gold:   144        SH:  0    Dex: 13 (14) Spells: 5/6 levels left

rFire   . . .        Y - +1 sling
rCold   . . .        (no shield)
rNeg    . . .        c - +0 ring mail
rPois   .            (helmet restricted)
rElec   .            (no cloak)
rCorr   .            (no gloves)
SInv    .            (no boots)
Will    .....        (no amulet)
Stlth   +            (no ring)
HPRegen 0.27/turn    (no ring)
MPRegen 0.09/turn

%: no passive effects
@: lethally poisoned (-2 -> -14)
A: horns 2, retaliatory headbutt
a: no special abilities


You were on level 3 of the Dungeon.
You visited 1 branch of the dungeon, and saw 3 of its levels.

You collected 144 gold pieces.


Innate Abilities, Weirdness & Mutations

You have a pair of horns on your head.
You reflexively headbutt those who attack you in melee.


   Skills:
 - Level 3.4 Fighting
 + Level 5.1 Ranged Weapons
 - Level 1.8 Armour
 - Level 2.1 Dodging
 - Level 1.0 Spellcasting
 - Level 2.0 Hexes


You had 5 spell levels left.
You knew the following spells:

 Your Spells              Type           Power      Damage    Failure   Level
a - Slow                  Hex            12%        N/A       36%         1

Your spell library contained the following spells:

 Spells                   Type           Power      Damage    Failure   Level
 Inner Flame              Hex/Fire       2%         N/A       86%         3
 Portal Projectile        Hex/Tloc       4%         N/A       86%         3
 Cause Fear               Hex            1%         N/A       98%         4

Inventory:

Hand Weapons
 Y - a +1 sling (weapon)
Armour
 c - a +0 ring mail (worn)
 d - a +0 pair of gloves
Jewellery
 j - an amulet of regeneration
Scrolls
 h - a scroll of identify
Potions
 b - a potion of curing
 f - a potion of haste {unknown}
 g - a potion of lignification {unknown}

Dungeon Overview and Level Annotations

Branches:
Dungeon (3/15)

Altars:


Message History

The orc priest is heavily wounded.
The orc priest hits you with a +0 flail.
The orc priest invokes the aid of Beogh against you.
Beogh smites you!
You shoot a sling bullet. The sling bullet hits the orc priest.
The orc priest is severely wounded.
The orc priest closely misses you.
The orc wizard gestures wildly while chanting.
The orc wizard flickers and vanishes!
Deactivating autopickup; reactivate with Ctrl-A.
You shoot a sling bullet. The sling bullet hits the orc priest.
You kill the orc priest!
Your Armour skill increases to level 1!
You shoot a sling bullet.
The sling bullet hits the orc but does no damage.
The orc barely misses you.
You shoot a sling bullet. The sling bullet hits the orc.
The orc is lightly wounded.
The orc hits you but does no damage.
You are poisoned.
The orc hits you but does no damage.
You are more poisoned.
You shoot a sling bullet.
The sling bullet hits the orc but does no damage.
The orc is lightly wounded.
You feel very sick. The orc hits you but does no damage.
You shoot a sling bullet.
The sling bullet hits the orc but does no damage.
The orc is lightly wounded.
You feel very sick. The orc hits you but does no damage.
You are lethally poisoned!
You shoot a sling bullet. The sling bullet barely misses the orc.
You feel very sick.
The orc hits you with a +1 dagger of venom.
The orc closely misses you. You furiously retaliate!
You headbutt the orc.
You kill the orc!
You shoot a sling bullet.
You die...

##### #..... #.#{.
#. #.#)#
########.# #.#@#
#......#.# #.#.#
#.####.#.# #.#.#
#.# #.#.# #.#.#
#.# #.#.#####.#.#
#.# #.#.......#.#
#)# #.#.........#
#.####.#.#########
#.............:.


There were no monsters in sight!

Vanquished Creatures
  An orc priest (D:3)
  Jessica (D:2)
  Natasha (thrice) (D:2)
  2 adders (D:2)
  3 dart slugs
  2 orcs
  2 ball pythons
  2 bats (D:2)
  3 endoplasms
  A giant cockroach (D:1)
  4 goblins
  A hobgoblin (D:1)
  4 jackals (D:1)
  6 kobolds
  2 quokkas
  2 frilled lizards
  3 rats
42 creatures vanquished.

Notes
Turn   | Place    | Note
-------+----------+-------------------------------------------
     0 | D:1      | qw the Minotaur Hexslinger began the quest for the Orb.
     0 | D:1      | Reached XP level 1. HP: 16/16 MP: 1/1
     0 | D:1      | 0 ||| qw: Version: 0.3-a-35-g05ef00e
     0 | D:1      | 0 ||| qw: Game counter: 7724
     0 | D:1      | 0 ||| qw: Melee chars always use a shield: true
     0 | D:1      | 0 ||| qw: God list: Okawaru
     0 | D:1      | 0 ||| qw: Allow faded altars: false
     0 | D:1      | 0 ||| qw: Do Orc after clearing Dungeon:15 true
     0 | D:1      | 0 ||| qw: Do second Lair branch before Depths: true
     0 | D:1      | 0 ||| qw: Lair rune preference: random
     0 | D:1      | 0 ||| qw: Goals: Normal
     0 | D:1      | 0 ||| PLANNING D:1-11
   163 | D:1      | 163 ||| Stepping ~*~*~tactically~*~*~ (outnumbered).
   165 | D:1      | Reached skill level 3 in Ranged Weapons
   167 | D:1      | Reached XP level 2. HP: 22/23 MP: 2/2
   177 | D:1      | 177 ||| FLEEEEING.
   178 | D:1      | 178 ||| FLEEEEING.
   179 | D:1      | 179 ||| FLEEEEING.
   500 | D:1      | 500 ||| UPGRADING to +0 leather armour.
   510 | D:1      | 510 ||| DROPPING +0 robe.
   511 | D:1      | 511 ||| READING scroll labelled SYORULEVAX.
   514 | D:1      | 514 ||| READING scroll labelled ECYTHRU VOAK.
   515 | D:1      | 515 ||| READING 2 scrolls labelled MEDUCVE ASUMI.
   516 | D:1      | 516 ||| READING scroll labelled XOTTYPETHRI.
   517 | D:1      | 517 ||| DROPPING scroll of poison.
   624 | D:2      | Reached XP level 3. HP: 16/29 MP: 3/3
   801 | D:2      | Reached skill level 4 in Ranged Weapons
   912 | D:2      | Noticed Jessica
   913 | D:2      | 913 ||| Stepping ~*~*~tactically~*~*~ (outnumbered).
   933 | D:2      | 933 ||| FLEEEEING.
   934 | D:2      | 934 ||| FLEEEEING.
   935 | D:2      | 935 ||| FLEEEEING.
   936 | D:2      | 936 ||| FLEEEEING.
   937 | D:2      | 937 ||| FLEEEEING.
   938 | D:2      | 938 ||| FLEEEEING.
   944 | D:2      | 944 ||| FLEEEEING.
   951 | D:2      | 951 ||| FLEEEEING.
   955 | D:2      | 955 ||| FLEEEEING.
   956 | D:2      | 956 ||| FLEEEEING.
   958 | D:2      | Killed Jessica
   959 | D:2      | Reached XP level 4. HP: 33/36 MP: 4/4
  1024 | D:2      | Noticed Natasha
  1025 | D:2      | 1025 ||| FLEEEEING.
  1026 | D:2      | 1026 ||| FLEEEEING.
  1032 | D:2      | Killed Natasha
  1033 | D:2      | Reached skill level 5 in Ranged Weapons
  1037 | D:2      | Noticed Natasha
  1039 | D:2      | 1039 ||| Stepping ~*~*~tactically~*~*~ (outnumbered).
  1046 | D:2      | Killed Natasha
  1180 | D:2      | Noticed Natasha
  1190 | D:2      | Killed Natasha
  1191 | D:2      | Reached skill level 3 in Fighting
  1191 | D:2      | Reached XP level 5. HP: 25/45 MP: 5/5
  1373 | D:2      | 1373 ||| UPGRADING to +0 ring mail.
  1383 | D:2      | 1383 ||| DROPPING +0 leather armour.
  1384 | D:2      | 1384 ||| DRINKING 3 fizzy grey potions.
  1385 | D:2      | 1385 ||| READING 2 scrolls of identify.
  1385 | D:2      | 1385 ||| IDENTIFYING blue potion
  1386 | D:2      | 1386 ||| DROPPING 2 potions of degeneration.
  1516 | D:3      | Reached skill level 1 in Armour
  1519 | D:3      | HP: 9/45 [poisoned by an orc]
  1520 | D:3      | HP: 4/45 [poisoned by an orc]
  1520 | D:3      | HP: 1/45 [orc/+1 dagger of venom (3)]
  1521 | D:3      | Succumbed to an orc's poison

Levels and vault maps discovered:
D:1:      minmay_arrival_shoal_huts, layout_rooms, minmay_octomino_j4
D:2:      layout_basic, minmay_misc_feat_tiny, minmay_box_of_dots, uniq_jessica,
          uniq_natasha
D:3:      layout_basic, reono_crystal_passage, minmay_quadrilaterals

Skill      XL: |  1  2  3  4  5 |
---------------+----------------+-----
Ranged Weapons | 3 4 5 |  5.1
Fighting       | 2 3 |  3.4
Armour         | 1 |  1.8
Dodging        | |  2.1
Spellcasting   | |  1.0
Hexes          | |  2.0

Action                     |  1- 3 |  4- 6 || total
---------------------------+-------+-------++-------
   Fire: Sling             |   112 |    62 ||   174
    Use: Scroll            |     4 |     1 ||     5
         Potion            |       |     1 ||     1
 Armour: Robe              |     4 |       ||     4
         Leather armour    |     3 |     4 ||     7
         Ring mail         |       |     8 ||     8
  Dodge: Dodged            |    38 |    23 ||    61

Table legend:
 A = Non-vault XP
 B = Vault XP
 C = Vault XP percentage of total XP
 D = Non-vault monster count
 E = Vault monster count
 F = Vault count percentage of total count
                 A         B        C        D         E       F
            +---------+---------+-------+---------+---------+-------
      Total |     184 |      96 |  34.3 |      35 |       7 |  16.7
            +---------+---------+-------+---------+---------+-------
        D:1 |      29 |       7 |  19.4 |      16 |       3 |  15.8
        D:2 |     105 |      89 |  45.9 |      15 |       4 |  21.1
        D:3 |      50 |       0 |   0.0 |       4 |       0 |   0.0
            +---------+---------+-------+---------+---------+-------
